 Dungeon Crawl Stone Soup version 0.31-a0-636-ge1c0e020e0 (webtiles) character file.

Game seed: 2797221814978683704

1 Conn the Firebug (level 1, -2/11 HPs)
             Began as an Octopode Fire Elementalist on Aug 26, 2023.
             Slain by a gnoll
             ... wielding a +0 spear
              (4 damage)
             ... on level 1 of the Dungeon.
             The game lasted 00:01:49 (97 turns).

Conn the Firebug (Octopode Fire Elementalist)         Turns: 97, Time: 00:01:55

Health: -2/11      AC:  1    Str:  7    XL:     1   Next: 20%
Magic:  2/3        EV: 13    Int: 17    God:
Gold:   6          SH:  0    Dex: 12    Spells: 3/4 levels left

rFire   . . .        b - +0 mace
rCold   . . .        (no shield)
rNeg    . . .        (helmet restricted)
rPois   .            (no amulet)
rElec   .            (no ring)
rCorr   .            (no ring)
SInv    .            (no ring)
Will    .....        (no ring)
Stlth   +++          (no ring)
HPRegen 0.21/turn    (no ring)
MPRegen 0.08/turn    (no ring)
                     (no ring)

%: no passive effects
@: no status effects
A: almost no armour, amphibious, 8 rings, camouflage 1, gelatinous body 1,
(nimble swimmer 1), tentacles
a: no special abilities


You were on level 1 of the Dungeon.
You visited 1 branch of the dungeon, and saw 1 of its levels.

You collected 6 gold pieces.

Inventory:

Hand Weapons
 b - a +0 mace (weapon)
Potions
 a - a potion of magic


   Skills:
 + Level 2.1 Dodging
 + Level 2.6 Stealth
 * Level 2.0 Spellcasting
 * Level 1.0 Conjurations
 + Level 3.0 Fire Magic


You had 3 spell levels left.
You knew the following spells:

 Your Spells              Type           Power      Damage    Failure   Level
a - Foxfire               Conj/Fire      32%        2x1d5     9%          1

Your spell library contained the following spells:

 Spells                   Type           Power      Damage    Failure   Level
 Scorch                   Fire           22%        2d5       9%          2
 Inner Flame              Hex/Fire       6%         N/A       30%         3
 Volatile Blastmotes      Fire/Tloc      12%        2d11      30%         3
 Flame Wave               Conj/Fire      8%         2d5       63%         4


Dungeon Overview and Level Annotations

Branches:
Dungeon (1/15)

Altars:


Innate Abilities, Weirdness & Mutations

You cannot wear most types of armour.
You are amphibious.
You can wear up to eight rings at the same time.
Your skin changes colour to match your surroundings (Stealth+).
Your rubbery body absorbs attacks. (AC +1, EV +1)
((You are camouflaged when in or above water. (Stealth+)))
You have tentacles for arms and can constrict up to eight enemies at once.


Message History

The endoplasm quivers.
Casting: Foxfire (safe; 9% risk of failure)
Confirm with . or Enter, or press ? or * to list all spells.
You conjure some foxfire!
Unknown command.
Casting: Foxfire (safe; 9% risk of failure)
Confirm with . or Enter, or press ? or * to list all spells.
You conjure some foxfire!
The foxfire hits the endoplasm.
The endoplasm is severely wounded.
Unknown command.
The foxfire hits the endoplasm.
The endoplasm is almost dead.
The foxfire hits the endoplasm.
You kill the endoplasm!
Unknown command.
Unknown command.
Unknown command.
Your foxfire dissipates!
Magic restored.
A gnoll comes into view. It is wielding a +0 spear.
Found a stone staircase leading down.
The gnoll attacks as it pursues you!
The gnoll hits you from afar with a +0 spear.
Found a scroll labelled HEJIASK ACHEJE.
The gnoll attacks as it pursues you!
The gnoll hits you from afar with a +0 spear!
Ouch! That really hurt!
* * * LOW HITPOINT WARNING * * *
There is a stone staircase leading down here.
Okay, then.
Casting: Foxfire (safe; 9% risk of failure)
Confirm with . or Enter, or press ? or * to list all spells.
You conjure some foxfire!
The foxfire hits the gnoll.
The gnoll is moderately wounded.
The foxfire hits the gnoll.
The gnoll is moderately wounded.
The gnoll attacks as it pursues you!
The gnoll hits you from afar with a +0 spear.
You die...

# ###.########
###...#..g...#
.......g####.#
#.#?###.ยงยง.#.#
#@.#.#.# ###..#
#.# # ....# #.#
#..###.####.#
#...........#
######.#######
#.............
######.#######
#..........#


You could see a gnoll.

Vanquished Creatures
  An endoplasm (D:1)
1 creature vanquished.

Vanquished Creatures (others)
  6 foxfires (D:1)
6 creatures vanquished.

Grand Total: 7 creatures vanquished

Notes
Turn   | Place    | Note
-------+----------+-------------------------------------------
     0 | D:1      | Conn the Octopode Fire Elementalist began the quest for the
                  | Orb.
     0 | D:1      | Reached XP level 1. HP: 11/11 MP: 3/3
     2 | D:1      | Noticed a vampire
     4 | D:1      | Noticed an armataur
     4 | D:1      | Noticed a merfolk
     6 | D:1      | Noticed a meteoran
     6 | D:1      | Noticed a tengu
     8 | D:1      | Noticed a vine stalker
    10 | D:1      | Noticed a demonspawn
    10 | D:1      | Noticed an ogre
    12 | D:1      | Noticed a formicid
    12 | D:1      | Noticed a troll
    14 | D:1      | Noticed a minotaur
    14 | D:1      | Noticed an elf
    16 | D:1      | Noticed a naga
    16 | D:1      | Noticed a human
    18 | D:1      | Noticed a felid
    18 | D:1      | Noticed a spriggan
    20 | D:1      | Noticed a ghoul
    20 | D:1      | Noticed an octopode
    22 | D:1      | Noticed a demigod
    24 | D:1      | Noticed a troll
    24 | D:1      | Noticed a gargoyle
    26 | D:1      | Noticed an elf
    26 | D:1      | Noticed an armataur
    97 | D:1      | Slain by a gnoll

Illustrated notes

Levels and vault maps discovered:
D:1:      kb_arrival_jail, layout_basic, nicolae_shop_unique_rings,
          kennysheep_decorative_pillar, minmay_misc_feat_four_crosses,
          roderic_roman_lattice, minmay_misc_feat_tiny,
          minmay_misc_feat_encased, hangedman_glass_teeth,
          minmay_tree_intersection, minmay_tripent

Action                     || total
---------------------------++-------
   Cast: Foxfire           ||     3

Table legend: (Time is in decaauts)
 A = Elapsed time spent in this place.
 B = Non-inter-level travel time spent in this place.
 C = Inter-level travel time spent in this place.
 D = Time resting spent in this place.
 E = Time spent auto-exploring this place.
 F = Levels seen in this place.
 G = Mean time per level.
                   A        B        C        D        E       F      G
               +--------+--------+--------+--------+--------+-----+--------+
         Total |     96 |     96 |      0 |      0 |     25 |   1 |   96.0 |
       Dungeon |     96 |     96 |      0 |      0 |     25 |   1 |   96.0 |
               +--------+--------+--------+--------+--------+-----+--------+

Top non-repeatable levels by time:
     D:1: 96 daAuts
